 Dungeon Crawl Stone Soup version 0.25-a0-510-ge065f6de7d (webtiles) character file.

Game seed: 2705126527469506724, levelgen mode: deterministic

32 DerDa the Magician (level 3, -1/24 HPs)
             Began as a Demonspawn Wizard on Feb 15, 2020.
             Slain by a worm (9 damage)
             ... on level 2 of the Dungeon.
             The game lasted 00:03:35 (1273 turns).

DerDa the Magician (Demonspawn Wizard)              Turns: 1273, Time: 00:03:36

Health: -1/24      AC:  2    Str:  7    XL:     3   Next: 10%
Magic:  1/8        EV: 12    Int: 20    God:
Gold:   54         SH:  0    Dex: 11    Spells: 0/9 levels left

rFire    . . .     SeeInvis .   f - +0 club
rCold    . . .     Gourm    .   (no shield)
rNeg     . . .     Faith    +   a - +0 robe
rPois    .         Spirit   .   b - +0 hat
rElec    .         Reflect  .   (no cloak)
rCorr    .         Harm     .   (no gloves)
MR       .....                  (no boots)
Stlth    ++........             m - amulet of faith
HPRegen  0.08/turn              (no ring)
MPRegen  0.11/turn              (no ring)

@: no status effects
A: demonic guardian 2
a: no special abilities


You were on level 2 of the Dungeon.
You were not hungry.

You visited 1 branch of the dungeon, and saw 2 of its levels.

You collected 54 gold pieces.

Inventory:

Hand Weapons
 f - a +0 club (weapon)
 k - a +0 hunting sling
Missiles
 p - 6 javelins (quivered)
Armour
 a - a +0 robe (worn)
 b - a +0 hat (worn)
Jewellery
 m - an amulet of faith (around neck)
Scrolls
 c - a scroll of magic mapping {unknown}
 g - 3 scrolls of teleportation {unknown}
 j - 3 scrolls of identify {unknown}
 o - a scroll of noise {unknown}
Potions
 e - a potion of haste {unknown}
 h - a potion of ambrosia {unknown}
 i - a potion of brilliance {unknown}
 n - 2 potions of magic {unknown}
Comestibles
 d - 5 rations
 l - 3 chunks of flesh


   Skills:
 - Level 1.7 Dodging
 - Level 1.7 Stealth
 * Level 3.5 Spellcasting
 * Level 2.2 Conjurations
   Level 1.0 Summonings
 - Level 0.8 Translocations
 + Level 0.0 Air Magic
 + Level 0.0 Poison Magic


You couldn't memorise any spells.
You knew the following spells:

 Your Spells              Type           Power        Failure   Level  Hunger
a - Magic Dart            Conj           ##..         5%          1    None
b - Mephitic Cloud        Conj/Pois/Air  #.......     30%         3    ###....
c - Conjure Flame         Conj/Fire      #.......     26%         3    ###....
q - Blink                 Tloc           N/A          14%         2    ##.....

Your spell library contained the following spells:

 Spells                   Type           Power        Failure   Level  Hunger
 Call Imp                 Summ           #.......     14%         2    ##.....
 Slow                     Hex            #.......     21%         2    ##.....


Dungeon Overview and Level Annotations

Branches:
Dungeon (2/15)

Altars:


Innate Abilities, Weirdness & Mutations

A demonic guardian rushes to your aid.


Message History

The worm bites you.
Casting: Magic Dart (safe; 5% risk of failure)
Confirm with . or Enter, or press ? or * to list all spells.
You don't have enough magic to cast that spell.
Unknown command.
You hit the worm.
The worm is severely wounded.
The worm barely misses you.
You barely miss the worm.
The worm is severely wounded.
You hit the worm.
The worm is almost dead.
The worm bites you!
You hit the worm but do no damage.
The worm is almost dead.
The worm misses you.
You barely miss the worm.
The worm is severely wounded.
The worm bites you!
You die...

#.# ### ###.### ##[##
.....# #######.#.##
#.###.#.###...##.###.##
....)....<......## ##.#
#.#.....###...##.###.##
##....# #######.#.##
.......# ####.#####
####.### #.@..)...# #.#
#w##.###.# #+# #.##.#
#.# #.##.# #.#
#...%....#.#
#.#.####.#.# #.... #.#
. ... #.# ##..... ..#


You could see a worm.

Vanquished Creatures
  An ooze (D:1)
  A dart slug (D:1)
  A leopard gecko (D:1)
  3 goblins
  7 hobgoblins
  5 bats (D:1)
  4 frilled lizards (D:1)
  3 kobolds (D:1)
  A rat (D:1)
26 creatures vanquished.

Notes
Turn   | Place    | Note
-------+----------+-------------------------------------------
     0 | D:1      | DerDa the Demonspawn Wizard began the quest for the Orb.
     0 | D:1      | Reached XP level 1. HP: 13/13 MP: 4/4
   121 | D:1      | Gained mutation: A weak demonic guardian rushes to your
                  | aid. [demonic ancestry]
   121 | D:1      | Reached XP level 2. HP: 15/19 MP: 0/6
  1083 | D:1      | Gained mutation: A demonic guardian rushes to your aid.
                  | [demonic ancestry]
  1083 | D:1      | Reached XP level 3. HP: 24/24 MP: 5/8
  1092 | D:1      | Learned a level 3 spell: Mephitic Cloud
  1096 | D:1      | Learned a level 3 spell: Conjure Flame
  1099 | D:1      | Learned a level 2 spell: Blink
  1273 | D:2      | Slain by a worm

Levels and vault maps discovered:
D:1:      wheals_arrival_shading, layout_loops_cross, minmay_tall_x
D:2:      layout_loops_corners, first_ration, makhleb_altar_promises_db

Skill      XL: |  1  2 |
---------------+-------+-----
Conjurations   | 2 |  2.2
Dodging        | |  1.7
Stealth        | |  1.7
Spellcasting   | |  3.5
Summonings     | |  1.0
Translocations | |  0.8

Action                   || total
-------------------------++-------
Melee: Unarmed           ||     4
       Club              ||    15
 Cast: Magic Dart        ||    65
  Eat: Chunk             ||     1
Armor: Robe              ||     5
Dodge: Dodged            ||    21

Table legend:
 A = Non-vault XP
 B = Vault XP
 C = Vault XP percentage of total XP
 D = Non-vault monster count
 E = Vault monster count
 F = Vault count percentage of total count
                 A         B        C        D         E       F
            +---------+---------+-------+---------+---------+-------
      Total |      42 |       5 |  10.6 |      22 |       4 |  15.4
            +---------+---------+-------+---------+---------+-------
        D:1 |      38 |       5 |  11.6 |      20 |       4 |  16.7
        D:2 |       4 |       0 |   0.0 |       2 |       0 |   0.0
            +---------+---------+-------+---------+---------+-------
